 Dungeon Crawl Stone Soup version 0.21-a0-516-gaaff437 (webtiles) character file.

100 esteth the Skirmisher (level 4, 0/41 HPs)
             Began as a Hill Orc Monk on Dec 3, 2017.
             Succumbed to an adder's poison
             ... on level 3 of the Dungeon.
             The game lasted 00:05:10 (2422 turns).

esteth the Skirmisher (Hill Orc Monk)               Turns: 2422, Time: 00:05:10

Health: 0/41       AC:  2    Str: 14    XL:     4   Next: 74%
Magic:  4/4        EV: 12    Int: 10    God:
Gold:   152        SH:  4    Dex: 13    Spells: 3/3 levels left

rFire    . . .     SeeInvis .   a - +0 mace
rCold    . . .     Gourm    .   n - +0 buckler
rNeg     . . .     Faith    .   b - +0 robe
rPois    .         Spirit   .   (no helmet)
rElec    .         Reflect  .   (no cloak)
rCorr    .         Harm     .   (no gloves)
MR       .....                  (no boots)
Stlth    +++.......             m - amulet of regeneration
HPRegen  0.13/turn              e - ring of stealth
MPRegen  0.09/turn              (no ring)

@: lethally poisoned (0 -> -3)
A: no striking features
a: no special abilities


You were on level 3 of the Dungeon.
You were not hungry.

You visited 1 branch of the dungeon, and saw 3 of its levels.

You collected 152 gold pieces.

Inventory:

Hand Weapons
 a - a +0 mace (weapon)
Armour
 b - a +0 robe (worn)
 n - a +0 buckler (worn)
Jewellery
 e - a ring of stealth (left hand)
 h - an uncursed amulet of faith
 m - an amulet of regeneration (around neck)
Scrolls
 d - 3 scrolls of remove curse {unknown}
 i - a scroll of random uselessness {unknown}
 j - 2 scrolls of enchant armour {unknown}
 k - 2 scrolls of identify
 q - a scroll of amnesia {unknown}
Potions
 o - a potion of haste
Comestibles
 c - 4 bread rations
 f - a royal jelly
 l - 4 fruits
 p - a meat ration


   Skills:
 + Level 4.9 Fighting
 + Level 4.5 Maces & Flails
 - Level 2.4 Dodging
 - Level 1.5 Stealth
 + Level 1.7 Shields


You had 3 spell levels left.
You didn't know any spells.

Dungeon Overview and Level Annotations

Branches:
Dungeon (3/15)

Altars:
Dithmenos
Nemelex Xobeh


Message History

* * * LOW HITPOINT WARNING * * *
You feel sick.
* * * LOW HITPOINT WARNING * * *
You feel sick.
* * * LOW HITPOINT WARNING * * *
You feel sick.
* * * LOW HITPOINT WARNING * * *
You feel sick.
* * * LOW HITPOINT WARNING * * *
You feel sick.
* * * LOW HITPOINT WARNING * * *
You feel sick.
* * * LOW HITPOINT WARNING * * *
You feel sick.
Okay, then.
Okay, then.
Put on which piece of jewellery? (? for menu, Esc to quit)
You sense that the amulet cannot attune itself to your injured body.
m - an amulet of regeneration (around neck)
You die...

########### #..
........... #...
######.###
#..###############...##
#.>...@.....%....⌠.....
#<.#############.[.(... #
#.......# #....<.⌠.
#(##.####.### ###..).....
#.......#...###....⌠.....
####.##.........##.#...##
#.######.######.######
#.# #.............. #.#
#.########.####


There were no monsters in sight!

Vanquished Creatures
  3 adders
  An ooze (D:3)
  A worm (D:2)
  A dart slug (D:1)
  3 leopard geckos
  6 bats
  3 giant cockroaches
  6 goblins
  8 hobgoblins
  4 jackals (D:2)
  2 quokkas (D:2)
  A ball python (D:1)
  2 frilled lizards (D:2)
  11 kobolds
  6 rats
58 creatures vanquished.

Notes
Turn   | Place    | Note
-------+----------+-------------------------------------------
     0 | D:1      | esteth the Hill Orc Monk began the quest for the Orb.
     0 | D:1      | Reached XP level 1. HP: 19/19 MP: 1/1
    85 | D:1      | Reached XP level 2. HP: 24/27 MP: 2/2
   631 | D:2      | Reached XP level 3. HP: 34/34 MP: 3/3
   972 | D:2      | Found a sparkling altar of Nemelex Xobeh.
  1359 | D:2      | Reached skill level 1 in Shields
  1367 | D:2      | Reached XP level 4. HP: 16/41 MP: 4/4
  2099 | D:3      | Found a shadowy altar of Dithmenos.
  2415 | D:3      | HP: 2/41 [poisoned by an adder]
  2422 | D:3      | Succumbed to an adder's poison

Vault maps used:
D:1:      giann_forest_graveyard
D:2:      nemelex_altar_shiori
D:3:      nicolae_dithmenos_shadow_blocks, grunt_ministairs_1

Skill      XL: |  1  2  3 |
---------------+----------+-----
Fighting       | 4 |  4.9
Maces & Flails | 4 |  4.5
Shields        | 1 |  1.7
Dodging        | |  2.4
Stealth        | |  1.5

Action                   |  1- 3 |  4- 6 || total
-------------------------+-------+-------++-------
Melee: Mace              |   122 |    73 ||   195
  Use: Scroll            |     1 |       ||     1
       Potion            |     3 |       ||     3
 Stab: Sleeping          |    13 |     4 ||    17
  Eat: Chunk             |     1 |     4 ||     5
Armor: Robe              |    10 |    10 ||    20
       Skin              |    20 |       ||    20
Dodge: Dodged            |    65 |    48 ||   113
Block: Buckler           |    17 |    14 ||    31

Table legend:
 A = Spawn XP
 B = Non-spawn XP
 C = Spawn XP percentage of total XP
 D = Spawn monster count
 E = Non-spawn monster count
 F = Spawn count percentage of total count
 G = Total turns spent on level
                    A         B        C        D         E        F      G
               +---------+---------+-------+---------+---------+-------+---------
         Total |       0 |     144 |   0.0 |       0 |      58 |   0.0 |  2422
               +---------+---------+-------+---------+---------+-------+---------
           D:1 |       0 |      33 |   0.0 |       0 |      19 |   0.0 |   629
           D:2 |       0 |      71 |   0.0 |       0 |      26 |   0.0 |  1204
           D:3 |       0 |      40 |   0.0 |       0 |      13 |   0.0 |   589
               +---------+---------+-------+---------+---------+-------+---------
